 Dungeon Crawl Stone Soup version 0.23.2-40-g277498a001 (webtiles) character file.

Game seed: 14823931913263073059

655412 jepsan the Slayer (level 27, -2/288 HPs)
             Began as a Hill Orc Fighter on Oct 16, 2019.
             Was the Champion of Okawaru.
             Killed from afar by an orb of fire (88 damage)
             ... with a bolt of fire
             ... on level 5 of the Realm of Zot on Oct 25, 2019.
             The game lasted 12:09:15 (68960 turns).

jepsan the Slayer (Hill Orc Fighter)               Turns: 68960, Time: 12:09:16

Health: -2/288     AC: 47    Str: 38    XL:     27
Magic:  36/36      EV: 17    Int:  6    God:    Okawaru [******]
Gold:   7269       SH: 20    Dex: 17    Spells: 29/34 levels left

rFire    . . .     SeeInvis +   Y - +10 broad axe "Hehiamis" {freeze, rElec Str+4}
rCold    + + +     Gourm    .   G - +4 shield "Miufel" {rPois Slay+5}
rNeg     . . .     Faith    .   S - +9 scales of the Dragon King {rPois rF+ rC+ MR+}
rPois    +         Spirit   .   U - +1 hat {SInv}
rElec    +         Reflect  .   n - +2 cloak {MR+}
rCorr    +         Harm     .   J - +3 pair of gauntlets of War {Slay+5}
MR       ++++.                  E - +2 pair of boots {run}
Stlth    ..........             y - amulet of regeneration
HPRegen  0.00/turn              H - ring of Surprise {*Contam rPois Str+4 Dex+3 SInv}
MPRegen  0.25/turn              I - ring of Uzas {rCorr rPois rF- rC+++ Dex+2}

@: finesse, quick
A: hooves 1, horns 1, dopey 1, robust 1, inhibited regeneration
}: 3/15 runes: decaying, silver, gossamer
a: Heroism, Finesse, Renounce Religion


You were on level 5 of the Realm of Zot.
You worshipped Okawaru.
Okawaru was exalted by your worship.
You were not hungry.

You visited 10 branches of the dungeon, and saw 52 of its levels.
You visited the Abyss 1 time.
You visited 1 bazaar.
You also visited: Sewer, Bailey, Volcano and Wizlab.

You collected 10130 gold pieces.
You spent 2861 gold pieces at shops.

Inventory:

Hand Weapons
 a - the +7 broad axe of Conformity {flame, MR- Str+4 Int+4 Dex+3 SInv}
   (You acquired it on level 6 of the Dungeon)

   It has been specially enchanted to burn those struck by it, causing extra
   injury to most foes and up to half again as much damage against particularly
   susceptible opponents.
   Big, fiery blades are also staple armaments of hydra-hunters.
   It affects your strength (+4).
   It affects your intelligence (+4).
   It affects your dexterity (+3).
   It affects your resistance to hostile enchantments.
   It lets you see invisible.
 s - a +8 fustibalus of velocity
 Y - the +10 broad axe "Hehiamis" (weapon) {freeze, rElec Str+4}
   (Okawaru gifted it to you on level 5 of the Vaults)

   It has been specially enchanted to freeze those struck by it, causing extra
   injury to most foes and up to half again as much damage against particularly
   susceptible opponents.
   It can also slow down cold-blooded creatures.
   It affects your strength (+4).
   It insulates you from electricity.
Missiles
 i - 642 sling bullets
Armour
 n - a +2 cloak of magic resistance (worn)
 x - the +0 cloak of Hicuc {rElec rC+}
   (You found it on level 3 of the Elven Halls)

   It protects you from cold.
   It insulates you from electricity.
 C - a +2 pair of boots of flying
 E - a +2 pair of boots of running (worn)
 G - the +4 shield "Miufel" (worn) {rPois Slay+5}
   (You acquired it on level 6 of the Dungeon)

   It affects your accuracy and damage with ranged weapons and melee attacks
   (+5).
   It protects you from poison.
 J - the +3 pair of gauntlets of War (worn) {Slay+5}
   (You found it on level 10 of the Dungeon)

   It affects your accuracy and damage with ranged weapons and melee attacks
   (+5).
 O - a +2 cloak of invisibility
 S - the +9 scales of the Dragon King (worn) {rPois rF+ rC+ MR+}
   (Okawaru gifted it to you on level 3 of the Swamp)

   It protects you from fire.
   It protects you from cold.
   It protects you from poison.
   It affects your resistance to hostile enchantments.
 U - a +1 hat of see invisible (worn)
Jewellery
 j - the ring "Saptev" {rF+ Int+4 Dex+4 Stlth-}
   (You bought it in a shop on level 3 of the Elven Halls)

   [ring of attention]

   It affects your intelligence (+4).
   It affects your dexterity (+4).
   It protects you from fire.
   It makes you less stealthy.
 q - an uncursed ring of protection from magic
 y - an amulet of regeneration (around neck)
 H - the ring of Surprise (left hand) {*Contam rPois Str+4 Dex+3 SInv}
   (You took it off a deep elf sorcerer on level 3 of the Elven Halls)

   [ring of strength]

   It affects your strength (+4).
   It affects your dexterity (+3).
   It protects you from poison.
   It lets you see invisible.
   It causes magical contamination when unequipped.
 I - the ring of Uzas (right hand) {rCorr rPois rF- rC+++ Dex+2}
   (You found it in a wizard's laboratory)

   [ring of resist corrosion]

   It affects your dexterity (+2).
   It makes you vulnerable to fire.
   It renders you almost immune to cold.
   It protects you from poison.
Wands
 d - a wand of random effects (40)
 p - a wand of digging (21)
 A - a wand of flame (153)
 B - a wand of iceblast (32)
 D - a wand of disintegration (53)
 L - a wand of clouds (3)
 T - a wand of polymorph (18)
 V - a wand of paralysis (46)
Scrolls
 c - 3 scrolls of silence
 e - 19 scrolls of teleportation
 g - 4 scrolls of magic mapping
 r - 7 scrolls of fear
 t - 3 scrolls of blinking
 u - 2 scrolls of fog
 w - 20 scrolls of identify
 z - 4 scrolls of summoning
 Q - 23 scrolls of remove curse
 Z - 5 scrolls of holy word
Potions
 b - 8 potions of ambrosia
 h - 2 potions of flight
 k - 24 potions of curing
 m - 4 potions of resistance
 o - a potion of heal wounds
 v - 16 potions of haste
 K - 8 potions of agility
 M - 3 potions of cancellation
 N - 2 potions of might
 R - a potion of magic
Miscellaneous
 l - a fan of gales
 F - a sack of spiders
 X - a phial of floods
Comestibles
 f - 35 rations


   Skills:
 + Level 24.3 Fighting
 - Level 18.0 Axes
 - Level 14.0 Slings
 + Level 22.7 Armour
 + Level 14.2 Dodging
 + Level 15.3 Stealth
 - Level 15.0 Shields
 - Level 4.0 Spellcasting
 + Level 18.8 Invocations
 + Level 19.0 Evocations


You had 29 spell levels left.
You knew the following spells:

 Your Spells              Type           Power        Failure   Level  Hunger
a - Call Imp              Summ           #.......     95%         2    ###....
b - Call Canine Familiar  Summ           #.......     99%         3    ####...

Your spell library contained the following spells:

 Spells                   Type           Power        Failure   Level  Hunger
 Corona                   Hex            #......      86%         1    ##.....
 Magic Dart               Conj           #...         86%         1    ##.....
 Sting                    Conj/Pois      #...         86%         1    ##.....
 Summon Butterflies       Summ           #.......     86%         1    ##.....
 Summon Small Mammal      Summ           #...         86%         1    ##.....
 Blink                    Tloc           N/A          95%         2    ###....
 Ensorcelled Hibernation  Hex/Ice        #.....       95%         2    ###....
 Poisonous Vapours        Pois/Air       #.....       95%         2    ###....
 Shroud of Golubria       Chrm/Tloc      #.........   95%         2    ###....
 Slow                     Hex            #.......     95%         2    ###....
 Conjure Flame            Conj/Fire      #.......     99%         3    ####...
 Dazzling Spray           Conj/Hex       #.....       99%         3    ####...
 Gell's Gravitas          Tloc           #.........   99%         3    ####...
 Ignite Poison            Fire/Tmut/Pois #.......     99%         3    ####...
 Inner Flame              Hex/Fire       #.......     99%         3    ####...
 Lesser Beckoning         Tloc           #.........   99%         3    ####...
 Mephitic Cloud           Conj/Pois/Air  #.......     99%         3    ####...
 Portal Projectile        Hex/Tloc       #.....       99%         3    ####...
 Static Discharge         Conj/Air       #.......     99%         3    ####...
 Stone Arrow              Conj/Erth      #.....       99%         3    ####...
 Summon Guardian Golem    Hex/Summ       #.......     99%         3    ####...
 Teleport Other           Tloc           #.......     99%         3    ####...
 Cause Fear               Hex            #.........   100%        4    #####..
 Iskenderun's Mystic Bla  Conj           #.......     100%        4    #####..
 Leda's Liquefaction      Hex/Erth       #.........   100%        4    #####..
 Olgreb's Toxic Radiance  Pois           #.......     100%        4    #####..
 Passage of Golubria      Tloc           N/A          100%        4    #####..
 Summon Ice Beast         Ice/Summ       #.......     100%        4    #####..
 Summon Lightning Spire   Summ/Air       #.......     100%        4    #####..
 Aura of Abjuration       Summ           #.........   100%        5    ######.
 Borgnjor's Vile Clutch   Necr/Erth      #.........   100%        5    ######.
 Fireball                 Conj/Fire      #.........   100%        5    ######.
 Irradiate                Conj/Tmut      #.........   100%        5    ######.
 Lightning Bolt           Conj/Air       #.........   100%        5    ######.
 Silence                  Hex/Air        #.........   100%        5    ######.
 Summon Demon             Summ           #.........   100%        5    ######.
 Summon Forest            Summ/Tloc      #.........   100%        5    ######.
 Venom Bolt               Conj/Pois      #.........   100%        5    ######.
 Bolt of Fire             Conj/Fire      #.........   100%        6    #######
 Darkness                 Hex            #.........   100%        6    #######
 Freezing Cloud           Conj/Ice/Air   #.........   100%        6    #######
 Hydra Form               Tmut           #.........   100%        6    #######
 Shadow Creatures         Summ           N/A          100%        6    #######
 Statue Form              Tmut/Erth      #........    100%        6    #######
 Dragon Form              Tmut           #.........   100%        7    #######
 Ring of Flames           Chrm/Fire      #.........   100%        7    #######
 Spellforged Servitor     Conj/Summ      #.........   100%        7    #######
 Summon Hydra             Summ           #.........   100%        7    #######
 Ignition                 Fire           #.........   100%        8    #######
 Shatter                  Erth           #.........   100%        9    #######
 Tornado                  Air            #.........   100%        9    #######


Dungeon Overview and Level Annotations

Branches:
Dungeon (15/15)              Lair (6/6) D:11          Swamp (4/4) Lair:3
 Spider (4/4) Lair:4        Slime (0/5) Lair:6          Orc (2/2) D:10
    Elf (3/3) Orc:2        Vaults (5/5) D:14          Crypt (3/3) Vaults:3
 Depths (5/5) D:15            Zot (5/5) Depths:5
 Temple: D:4-7         Tomb: Crypt:3

Altars:
Dithmenos
Elyvilon
Gozag
Hepliaklqana
Kikubaaqudgha
Okawaru
Sif Muna
Vehumet
Wu Jian
Xom
Yredelemnul
Jiyva

Shops:
D:8 :?[   D:10 %   Orc:2 ?(((   Elf:2 (   Elf:3 *   Vaults:4 (
Vaults:5 =}?[!??

Portals:
Hell: Depths:1 Depths:2 Depths:3 Depths:4 Depths:5
Abyss: Depths:2 Depths:3 Depths:4
Pandemonium: Depths:3
Ziggurat: Depths:1
Trove: D:13 (give 7 scrolls of blinking)

Annotations:
Depths:2 exclusion: ice statue
Zot:2 26 runed doors


Innate Abilities, Weirdness & Mutations

You have large cloven feet.
You have a pair of small horns on your head.
You are dopey. (Int -2)
You are robust. (+10% HP)
You do not regenerate when monsters are visible.


Message History

You barely miss the electric golem.
The electric golem is lightly damaged.
You miss the electric golem. You headbutt the electric golem!
The electric golem is lightly damaged.
The electric golem hurls lightning at you.
The bolt of lightning misses you.
You miss the electric golem.
Your headbutt misses the electric golem.
The electric golem is lightly damaged.
You completely miss the electric golem.
Your headbutt misses the electric golem.
The electric golem is lightly damaged.
The electric golem hurls lightning at you.
The bolt of lightning hits you. You resist.
* * * LOW HITPOINT WARNING * * *
You block the electric golem's attack. x2; The electric golem misses you.
You block the electric golem's attack.
The orb of fire glows yellow.
The bolt of fire hits you!!!!
You die...

##▓▓▓▓▓▓▓▓▓▓▓#
........L.L..###
.....)(..##..†.## #.
..........###...###########..
...........###*8.............
..^..!.....# ##.........^...#
...........# #.............#
...^^....%.# ##@......^...##
........(..# #...........#
...........# ##...........##
..........## #..^..........#
........^## #.............#
#....(.(.^......
##▓▓▓▓########)#######
##....#.......))#
#######....##...#....##


You could see an orb of fire and an electric golem.

Vanquished Creatures
  4 ancient liches
  Mara (Depths:1)
  2 juggernauts
  the Lernaean hydra (Swamp:4)
  2 Killer Klowns
  Bai Suzhen (Crypt:1)
  4 curse toes
  Nikola (Spider:2)
  4 caustic shrikes
  10 golden dragons
  A Hellbinder (WizLab)
  6 liches
  17 tentacled monstrosities
  8 Orb Guardians (Zot:5)
  8 quicksilver dragons
  2 deep elf blademasters (Elf:3)
  2 deep elf master archers (Elf:3)
  3 titans
  9 death cobs
  2 sphinxes
  Kirke (Spider:4)
  3 thorn hunters
  10 shadow dragons
  2 tentacled starspawn (Abyss:3)
  3 ancient champions (Crypt:3)
  11 draconian monks
  15 storm dragons
  7 tengu reavers
  9 fire giants
  5 frost giants
  2 balrugs
  2 iron dragons
  23 vault wardens
  4 draconian knights
  11 deep elf sorcerers
  The ghost of Bodigarde the Destroyer, an adept DEFE of Vehumet (Spider:1)
  9 draconian shifters
  4 emperor scorpions
  Louise (Elf:2)
  7 ghost moths
  28 ironheart preservers
  6 draconian stormcallers
  6 draconian scorchers
  2 curse skulls
  A ghoul (Crypt:2)
  A cacodemon (Abyss:3)
  7 deep elf elementalists
  6 spriggan defenders
  19 stone giants
  9 draconian annihilators
  5 war gargoyles
  13 green draconians
  9 vampire knights
  17 very ugly things
  A juggernaut skeleton (Crypt:2)
  2 entropy weavers (Spider:1)
  The ghost of Amplified the Destroyer, a journeyman DsFE of Vehumet (Lair:2)
  2 pale draconians (Depths:5)
  8 deep elf demonologists
  8 black draconians
  A blood saint (WizLab)
  2 lorocyprocas
  17 yellow draconians
  10 deep elf annihilators
  16 purple draconians
  8 red draconians
  A spark wasp (shapeshifter) (Vaults:5)
  3 spark wasps
  13 white draconians
  13 deep elf death magi
  An eidolon (Crypt:3)
  2 green deaths (WizLab)
  6 ettins
  13 fire dragons
  2 blizzard demons
  The ghost of MsStandart the Severer, a journeyman HOBe of Trog (Lair:2)
  17 yaktaur captains
  2 jiangshi (Crypt:2)
  7 deep elf high priests
  Harold (D:9)
  5 great orbs of eyes
  16 ogre magi
  A hell beast (WizLab)
  5 ice dragons
  40 vault guards
  2 quicksilver dragon skeletons
  4 rakshasas
  27 hydras
  8 alligators
  10 death knights
  4 spriggan air magi
  27 dancing weapons
  4 ghost crabs
  36 two-headed ogres
  A queen ant (Spider:1)
  2 two-headed ogres (shapeshifter)
  8 centaur warriors
  8 deep troll earth magi
  17 tengu warriors
  A satyr (shapeshifter) (Depths:3)
  5 vampire magi
  4 deep troll shamans
  A shock serpent (shapeshifter) (Vaults:4)
  An orc high priest (Orc:2)
  11 spriggan berserkers
  Urug (Lair:5)
  5 soul eaters
  4 sun demons
  23 deep elf knights
  22 spriggans
  25 skeletal warriors
  2 sixfirhies (WizLab)
  A spriggan druid (Swamp:4)
  A titan skeleton (D:15)
  2 wretched stars (Abyss:3)
  A shadow wraith (Vaults:4)
  2 iron trolls (Depths:5)
  An unseen horror (D:14)
  18 deep trolls
  5 wizards
  2 quicksilver dragon simulacra (Depths:2)
  2 orange crystal statues
  28 deep elf archers
  6 glowing orange brains
  10 swamp dragons
  6 flayed ghosts
  14 orc knights
  A harpy (shapeshifter) (Elf:1)
  An anaconda skeleton (Crypt:2)
  21 ironbrand convokers
  Pikel (D:6)
  14 phantasmal warriors
  A sphinx zombie (Depths:3)
  7 necromancers
  16 orb spiders
  83 deep elf magi
  63 ugly things
  A frost giant zombie (Depths:3)
  5 orc sorcerers
  6 oklob plants
  28 wolf spiders
  2 stone giant zombies
  2 manticores
  A fire giant zombie (D:15)
  3 cyclopes
  2 human zombies
  A worldbinder (Abyss:3)
  A fire giant skeleton (Depths:3)
  25 moths of wrath
  3 black mambas
  5 centaur zombies
  5 elephants (Lair:5)
  A dire elephant zombie (Crypt:3)
  A stone giant skeleton (Vaults:4)
  10 rust devils
  15 vault sentinels
  A gargoyle (D:15)
  A guardian serpent (Abyss:3)
  2 molten gargoyles (Volcano)
  2 orange demons (WizLab)
  An apocalypse crab (Abyss:3)
  A spiny frog (shapeshifter) (Depths:1)
  A water nymph (shapeshifter) (Vaults:5)
  A shock serpent skeleton (Crypt:3)
  A torpor snail (Lair:6)
  5 spectral swamp worms (Depths:4)
  11 centaur skeletons
  3 hellions (WizLab)
  4 smoke demons
  19 spiny frogs
  2 tormentors (WizLab)
  3 rime drakes (Lair:5)
  15 freezing wraiths
  2 pale draconian zombies (Crypt:2)
  31 yaktaurs
  4 komodo dragons
  2 ancient zymes (Abyss:3)
  14 demonic crawlers
  4 ice devils
  3 meliai (Lair:5)
  A merfolk (shapeshifter) (Vaults:5)
  4 tengu conjurers
  6 red devils
  A tengu simulacrum (Depths:3)
  A queen bee (shapeshifter) (Depths:2)
  8 trolls
  24 tyrant leeches
  A guardian mummy (D:15)
  39 jumping spiders
  5 polar bears
  28 hornets
  A queen bee (Lair:5)
  A hornet (shapeshifter) (Elf:1)
  An ice dragon zombie (D:15)
  9 hippogriffs
  19 bog bodies
  A dream sheep (shapeshifter) (Vaults:2)
  13 large abominations
  2 dream sheep (Lair:6)
  8 blink frogs
  A spriggan zombie (D:15)
  A raiju (Abyss:3)
  35 slime creatures
  A frost giant simulacrum (Crypt:2)
  2 human simulacra
  2 ynoxinuls
  6 air elementals
  11 flying skulls
  75 redbacks
  20 tarantellas
  9 wyverns
  An elf skeleton (Vaults:5)
  An alligator skeleton (Crypt:2)
  A centaur simulacrum (D:15)
  14 water elementals
  23 wraiths
  8 shadows
  23 humans (D:14)
  2 fire bats (Volcano)
  2 vampires
  Eustachio (D:6)
  A hog (shapeshifter) (Vaults:4)
  7 hogs (Spider:4)
  29 yaks
  4 steam dragons
  2 neqoxecs (WizLab)
  2 golden eyes (Abyss:3)
  2 chaos spawn
  4 basilisks
  6 hungry ghosts
  A yaktaur simulacrum (Vaults:5)
  11 vampire mosquitoes
  11 swamp worms
  27 soldier ants (Spider:1)
  A warg (Vaults:1)
  13 insubstantial wisps
  9 water moccasins
  7 acid dragons
  9 small abominations
  A faun skeleton (Crypt:2)
  A monstrous demonspawn skeleton (Crypt:2)
  5 hell hounds
  3 porcupines
  Duvessa (D:6)
  36 orc warriors
  A floating eye (shapeshifter) (Vaults:5)
  2 sky beasts
  2 slaves (D:6)
  An eye of draining (D:6)
  10 swamp drakes
  7 ice beasts
  A black bear (shapeshifter) (Depths:4)
  A two-headed ogre skeleton (Crypt:1)
  5 black bears
  A swamp dragon zombie (Crypt:2)
  A tengu (shapeshifter) (Depths:1)
  3 ettin simulacra (Depths:2)
  4 phantoms
  10 centaurs
  52 ogres
  6 boggarts
  27 wolves
  A dream sheep skeleton (Crypt:3)
  16 crocodiles
  A snapping turtle skeleton (Crypt:2)
  A fire crab zombie (Crypt:1)
  An elf zombie (Crypt:2)
  3 big kobolds
  18 bullfrogs
  9 gnoll sergeants
  5 earth elementals
  Dowan (D:6)
  4 scorpions
  A warg zombie (Crypt:3)
  A wyvern skeleton (D:10)
  A raiju zombie (Crypt:1)
  53 killer bees
  12 wights
  A howler monkey (D:5)
  4 electric eels (Lair:2)
  A polar bear skeleton (Crypt:3)
  6 lava snakes (Volcano)
  4 crimson imps
  3 bullfrog zombies
  A quasit (Abyss:3)
  10 hounds
  4 jellies
  5 bullfrog skeletons
  27 orc priests
  Crazy Yiuf (D:2)
  6 gnoll shamans (Bailey)
  An iron imp (Depths:5)
  7 iguanas
  A hell rat (Lair:5)
  24 orc wizards
  2 lightning spires (Zot:4)
  27 worker ants
  2 killer bee zombies
  A naga zombie (Crypt:3)
  A crocodile skeleton (Crypt:3)
  A tengu skeleton (Crypt:2)
  A hound zombie (D:10)
  3 hound skeletons
  A howler monkey zombie (Crypt:2)
  4 worker ant zombies
  21 gnolls
  A howler monkey skeleton (D:10)
  12 adders
  A river rat (Sewer)
  5 shadow imps
  An ooze (D:7)
  An iguana skeleton (Crypt:1)
  A lava snake zombie (Crypt:2)
  3 worms
  3 dart slugs
  5 leopard geckos
  76 orcs
  4 ball pythons
  7 bats
  8 giant cockroaches
  5 goblins
  8 hobgoblins
  11 jackals
  6 quokkas
  9 frilled lizards
  A goblin skeleton (Crypt:3)
  A jackal zombie (Crypt:3)
  27 kobolds
  2 leopard gecko skeletons
  A quokka zombie (D:5)
  13 rats
  A river rat skeleton (Crypt:1)
  12 briar patches
  6 crawling corpses (Vaults:5)
  8 fungi
  7 plants
  2 withered plants
2677 creatures vanquished.

Vanquished Creatures (collateral kills)
  A vault guard (Vaults:5)
  A vault sentinel (Vaults:3)
  An orc warrior (Vaults:3)
3 creatures vanquished.

Vanquished Creatures (others)
  A fire giant (Depths:4)
  A deep elf death mage (Elf:3)
  A deep elf high priest (Vaults:5)
  A spriggan (Swamp:4)
  An orc warrior (Vaults:5)
  2 ogres
  An orc (Vaults:5)
  2 briar patches
  A crawling corpse (Vaults:5)
  8 fungi
  5 plants
  2 withered plants (Lair:2)
26 creatures vanquished.

Grand Total: 2706 creatures vanquished

Notes
Turn   | Place    | Note
-------+----------+-------------------------------------------
     0 | D:1      | jepsan the Hill Orc Fighter began the quest for the Orb.
     0 | D:1      | Reached XP level 1. HP: 19/19 MP: 1/1
   120 | D:1      | Reached XP level 2. HP: 25/27 MP: 2/2
   453 | D:1      | Reached skill level 4 in Fighting
   453 | D:1      | Reached XP level 3. HP: 33/33 MP: 3/3
  1144 | D:2      | Found a runed translucent door.
  1145 | D:2      | Noticed Crazy Yiuf
  1155 | D:2      | Killed Crazy Yiuf
  1155 | D:2      | Reached XP level 4. HP: 14/40 MP: 4/4
  1549 | D:3      | Found a glowing drain.
  1555 | D:3      | Reached skill level 1 in Slings
  1646 | Sewer    | Entered a sewer
  1732 | Sewer    | Noticed a big kobold
  1767 | Sewer    | Killed a big kobold
  1767 | Sewer    | Reached XP level 5. HP: 26/47 MP: 5/5
  1930 | Sewer    | Found a glowing silver altar of Zin.
  2420 | D:3      | Found an ancient bone altar of Kikubaaqudgha.
  2943 | D:2      | Reached XP level 6. HP: 53/55 MP: 6/6
  3476 | D:4      | Reached skill level 5 in Fighting
  3669 | D:5      | Entered Level 5 of the Dungeon
  4126 | D:5      | Reached skill level 5 in Axes
  4126 | D:5      | Reached XP level 7. HP: 61/61 MP: 7/7
  4174 | D:5      | Reached skill level 5 in Armour
  4227 | D:5      | Reached skill level 5 in Shields
  4387 | D:5      | Reached skill level 6 in Fighting
  4387 | D:5      | Reached XP level 8. HP: 33/70 MP: 8/8
  5693 | D:6      | Noticed Dowan
  5693 | D:6      | Noticed Duvessa
  5720 | D:6      | Killed Duvessa
  5731 | D:6      | Killed Dowan
  5743 | D:6      | Noticed Pikel
  5768 | D:6      | Killed Pikel
  5768 | D:6      | Reached skill level 7 in Fighting
  5768 | D:6      | Reached XP level 9. HP: 47/79 MP: 9/9
  6472 | D:6      | Noticed Eustachio
  6532 | D:6      | Killed Eustachio
  6698 | D:6      | Identified 2 scrolls of acquirement
  6701 | D:6      | Got a brightly glowing broad axe
  6702 | D:6      | Identified the +7 broad axe of Conformity {flame, MR- Str+4
                  | Int+4 Dex+3 SInv} (You acquired it on level 6 of the
                  | Dungeon)
  6717 | D:6      | Got a dazzling shield
  6728 | D:6      | Identified the +4 shield "Miufel" {rPois Slay+5} (You
                  | acquired it on level 6 of the Dungeon)
  6786 | D:6      | Reached skill level 5 in Slings
  7044 | D:7      | Reached skill level 8 in Fighting
  7167 | D:8      | Found Detho's Armour Shop.
  7194 | D:8      | Bought a +2 chain mail of fire resistance for 258 gold
                  | pieces
  7262 | D:8      | Found a flagged portal.
  7271 | Bailey   | Entered a bailey
  7277 | Bailey   | Reached XP level 10. HP: 74/88 MP: 10/10
  7629 | Bailey   | Identified Vusinnyw's Thaumaturgy Continued
  7635 | Bailey   | Got a polished chain mail
  7958 | D:8      | Found Faemank's Magic Scroll Emporium.
  7965 | D:8      | Identified the +0 chain mail of the Sailor {rC+} (You found
                  | it in a bailey)
  8113 | D:8      | Found Uxzeaty's Book Boutique.
  8218 | D:9      | Noticed Harold
  8227 | D:9      | Noticed a two-headed ogre
  8230 | D:9      | Killed Harold
  8230 | D:9      | Reached skill level 9 in Fighting
  8233 | D:9      | Killed a two-headed ogre
  8807 | D:10     | Entered Level 10 of the Dungeon
  9112 | D:9      | Found a hazy altar of Hepliaklqana.
  9112 | D:9      | Found an ornate altar of the Wu Jian Council.
  9112 | D:9      | Found an iron altar of Okawaru.
  9124 | D:9      | Became a worshipper of Warmaster Okawaru
  9358 | D:10     | Found a staircase to the Orcish Mines.
  9633 | D:9      | Reached skill level 10 in Axes
  9633 | D:9      | Reached XP level 11. HP: 97/97 MP: 11/11
  9767 | D:10     | Found Ecu Leth's Food Shop.
  9953 | D:10     | Found the +3 pair of gauntlets of War {Slay+5}
 10141 | D:10     | Reached * piety under Okawaru
 10393 | D:10     | Noticed a two-headed ogre
 10401 | D:10     | Killed a two-headed ogre
 10562 | D:11     | Reached skill level 10 in Fighting
 10591 | D:11     | Reached ** piety under Okawaru
 10691 | D:10     | Noticed a necromancer
 10700 | D:10     | Killed a necromancer
 10717 | D:10     | Noticed a necromancer
 10736 | D:10     | Reached *** piety under Okawaru
 10739 | D:10     | Received a gift from Okawaru
 10748 | D:10     | Killed a necromancer
 10930 | D:10     | Received a gift from Okawaru
 11015 | D:10     | Reached XP level 12. HP: 104/108 MP: 12/12
 11196 | Orc:1    | Entered Level 1 of the Orcish Mines
 11248 | Orc:2    | Entered Level 2 of the Orcish Mines
 11292 | Orc:2    | Reached skill level 10 in Armour
 11292 | Orc:2    | Reached skill level 10 in Shields
 11501 | Orc:2    | Found a staircase to the Elven Halls.
 11521 | Orc:2    | Reached skill level 11 in Fighting
 11562 | Orc:2    | Reached **** piety under Okawaru
 11880 | Orc:2    | Noticed an orc high priest
 11915 | Orc:2    | Killed an orc high priest
 11915 | Orc:2    | Reached ***** piety under Okawaru
 12112 | Orc:2    | Found Inaow's Weapon Boutique.
 12112 | Orc:2    | Found Bojuv's Magic Scroll Shop.
 12112 | Orc:2    | Found Nial's Weapon Boutique.
 12115 | Orc:2    | Found Udohib's Antique Weapon Shop.
 12284 | Orc:2    | Bought a crystal hand axe for 240 gold pieces
 12284 | Orc:2    | Bought a runed battleaxe for 285 gold pieces
 12448 | Orc:1    | Found a radiant altar of Vehumet.
 12460 | Orc:1    | Noticed a two-headed ogre
 12465 | Orc:1    | Killed a two-headed ogre
 12465 | Orc:1    | Reached skill level 1 in Invocations
 13037 | Elf:1    | Entered Level 1 of the Elven Halls
 13245 | D:11     | Found a staircase to the Lair.
 13359 | D:12     | Found a flickering gateway to a bazaar.
 13385 | Bazaar   | Entered a bazaar
 13415 | Bazaar   | Found Duepiu's Gadget Shoppe.
 13428 | Bazaar   | Found Zeutut's Book Shoppe.
 13428 | Bazaar   | Found Yskostri's Magic Scroll Emporium.
 13526 | Bazaar   | Bought a scroll of teleportation for 33 gold pieces
 13526 | Bazaar   | Bought a scroll of remove curse for 33 gold pieces
 13526 | Bazaar   | Bought a scroll of identify for 22 gold pieces
 13526 | Bazaar   | Bought a scroll of identify for 22 gold pieces
 13526 | Bazaar   | Bought a scroll of blinking for 82 gold pieces
 13526 | Bazaar   | Identified the cursed +0 hand axe "Niettunt" {chop, rPois
                  | rC+ MR+ Dex-2} (You bought it in a shop on level 2 of the
                  | Orcish Mines)
 13682 | D:12     | Received a gift from Okawaru
 14167 | D:11     | Noticed a five-headed hydra
 14172 | D:11     | Killed a two-headed hydra
 14172 | D:11     | Received a gift from Okawaru
 14172 | D:11     | Reached XP level 13. HP: 85/117 MP: 15/15
 14336 | D:11     | Reached skill level 1 in Evocations
 14382 | D:11     | Received a gift from Okawaru
 14522 | D:11     | Learned a level 2 spell: Call Imp
 14526 | D:11     | Learned a level 3 spell: Call Canine Familiar
 15387 | D:13     | You fall through a shaft for 2 floors!
 15387 | D:15     | Entered Level 15 of the Dungeon
 15387 | D:15     | Found a shimmering altar of Xom.
 15409 | D:15     | Reached skill level 12 in Fighting
 15475 | D:15     | Found a staircase to the Depths.
 15497 | D:15     | Reached skill level 5 in Invocations
 15824 | D:13     | Found a portal to a secret trove of treasure.
 15918 | D:13     | Received a gift from Okawaru
 15938 | D:13     | Reached ****** piety under Okawaru
 16369 | D:13     | Received a gift from Okawaru
 16862 | Lair:1   | Entered Level 1 of the Lair of Beasts
 16951 | Lair:1   | Received a gift from Okawaru
 17705 | Lair:3   | Reached XP level 14. HP: 116/127 MP: 18/18
 17757 | Lair:3   | Found a dark tunnel.
 17763 | Volcano  | Entered a volcano
 18110 | Volcano  | Found a burning altar of Makhleb.
 18129 | Volcano  | Noticed a red draconian
 18141 | Volcano  | Killed a red draconian
 18374 | Lair:3   | Found a staircase to the Swamp.
 19188 | Lair:2   | Reached skill level 13 in Fighting
 19336 | Lair:2   | Received a gift from Okawaru
 19632 | Lair:2   | Reached skill level 10 in Slings
 20013 | Lair:2   | Got a slimy plate armour
 20155 | Lair:2   | Found a runed translucent gate.
 20155 | Lair:2   | Found a runed translucent gate.
 20155 | Lair:2   | Found a runed translucent gate.
 20156 | Lair:2   | Noticed MsStandart's ghost (journeyman HOBe)
 20156 | Lair:2   | Noticed Amplified's ghost (journeyman DsFE)
 20748 | Lair:2   | Killed Amplified's ghost
 20868 | Lair:2   | Killed MsStandart's ghost
 21277 | Swamp:1  | Entered Level 1 of the Swamp
 21563 | Lair:4   | Received a gift from Okawaru
 21591 | Lair:4   | Received a gift from Okawaru
 21957 | Lair:4   | Found a hole to the Spider Nest.
 21969 | Spider:1 | Entered Level 1 of the Spider Nest
 21998 | Spider:1 | Reached XP level 15. HP: 118/136 MP: 21/21
 22041 | Spider:1 | Found a runed translucent door.
 22042 | Spider:1 | Found a shimmering altar of Xom.
 22042 | Spider:1 | Noticed Bodigarde's ghost (adept DEFE)
 22202 | Spider:1 | Received a gift from Okawaru
 22210 | Spider:1 | Received a gift from Okawaru
 22827 | Lair:4   | Identified the +1 plate armour of the Blue Moon {-Tele +Inv
                  | Str+9} (You found it on level 2 of the Lair of Beasts)
 23295 | Lair:6   | Entered Level 6 of the Lair of Beasts
 23295 | Lair:6   | Found a staircase to the Slime Pits.
 23295 | Lair:6   | Found a viscous altar of Jiyva.
 23318 | Lair:5   | Noticed Urug
 23341 | Lair:5   | Killed Urug
 23483 | Lair:5   | Found a white marble altar of Elyvilon.
 23537 | Lair:6   | Received a gift from Okawaru
 23724 | Lair:5   | Reached skill level 14 in Fighting
 23830 | Lair:5   | Reached skill level 10 in Invocations
 24207 | Lair:5   | Reached skill level 15 in Axes
 25375 | Lair:6   | Received a gift from Okawaru
 26195 | Lair:6   | Reached XP level 16. HP: 147/147 MP: 23/23
 26565 | Lair:6   | Got a heavily runed platinum ring
 26633 | Lair:6   | Identified the ring of Rijiga {+Fly rC- rN+ MP+9 Stlth+}
                  | (You found it on level 6 of the Lair of Beasts)
 26724 | Lair:6   | Received a gift from Okawaru
 26724 | Lair:6   | Reached skill level 5 in Evocations
 26768 | Lair:6   | Gained mutation: You evolve. [potion of mutation]
 26768 | Lair:6   | Gained mutation: You are dopey. (Int -2) [potion of
                  | mutation]
 26768 | Lair:6   | Gained mutation: You have a pair of small horns on your
                  | head. [potion of mutation]
 26768 | Lair:6   | Gained mutation: You are robust. (+10% HP) [potion of
                  | mutation]
 28461 | D:14     | Found a gate to the Vaults.
 28465 | D:14     | Received a gift from Okawaru
 28521 | D:14     | Received a gift from Okawaru
 28980 | Depths:1 | Entered Level 1 of the Depths
 29286 | D:14     | Lost mutation: You are dopey. (Int -2) [evolution]
 29562 | D:15     | Received a gift from Okawaru
 29626 | D:15     | Identified a +1 pair of boots of running (Okawaru gifted it
                  | to you on level 15 of the Dungeon)
 30342 | Elf:1    | Cast into level 3 of the Abyss (a deep elf demonologist)
 30356 | Abyss:3  | Got a dazzling battleaxe
 30362 | Abyss:3  | Identified the cursed +2 battleaxe "Dragonbane" {venom,
                  | Dex+3} (You found it on level 3 of the Abyss)
 30456 | Abyss:3  | Gained mutation: Scrolls take you a little longer to read.
                  | [a cacodemon]
 30480 | Abyss:3  | Noticed a lich
 30565 | Abyss:3  | Reached skill level 15 in Fighting
 30570 | Abyss:3  | Noticed a tentacled starspawn
 30577 | Abyss:3  | Killed a tentacled starspawn
 30669 | Abyss:3  | Noticed a tentacled starspawn
 30674 | Abyss:3  | Killed a tentacled starspawn
 30691 | Elf:1    | Escaped the Abyss
 30693 | Elf:1    | Reached XP level 17. HP: 133/171 MP: 24/24
 30889 | Elf:1    | Received a gift from Okawaru
 31148 | Elf:1    | Received a gift from Okawaru
 31198 | Elf:1    | Got an encrusted cloak
 31218 | Elf:1    | Identified the Catalogue of Creative Conjuration
 31235 | Elf:1    | Identified the +3 cloak "Eptadd" {rF+ rCorr Str-5 Int+3}
                  | (You found it on level 1 of the Elven Halls)
 31768 | Elf:2    | Found Ufil's Antique Weapon Shop.
 32200 | Elf:2    | Found a huge runed translucent gate.
 32200 | Elf:2    | Found a huge runed translucent gate.
 32200 | Elf:2    | Found a huge runed translucent gate.
 32200 | Elf:2    | Found a huge runed translucent gate.
 32200 | Elf:2    | Found a huge runed translucent gate.
 32257 | Elf:2    | Noticed Louise
 32264 | Elf:2    | Killed Louise
 32572 | Elf:3    | Entered Level 3 of the Elven Halls
 32741 | Elf:2    | Got a brightly glowing war axe
 32742 | Elf:2    | Identified the +6 war axe "Belog" {antimagic, Fragile rF+
                  | rC+} (You found it on level 2 of the Elven Halls)
 32908 | Elf:2    | Received a gift from Okawaru
 32914 | Elf:2    | Reached XP level 18. HP: 127/182 MP: 11/26
 33128 | Elf:2    | Received a gift from Okawaru
 33675 | Elf:3    | Reached skill level 16 in Fighting
 34103 | Elf:3    | Found Raasoc's General Store.
 34108 | Elf:3    | Bought the ring "Saptev" {rF+ Int+4 Dex+4 Stlth-} for 574
                  | gold pieces
 34127 | Elf:3    | Noticed a deep elf blademaster
 34145 | Elf:3    | Killed a deep elf blademaster
 34145 | Elf:3    | Reached skill level 15 in Armour
 34199 | Elf:3    | Received a gift from Okawaru
 34253 | Elf:3    | Reached skill level 15 in Shields
 34301 | Elf:3    | Lost mutation: Scrolls take you a little longer to read.
                  | [evolution]
 34371 | Elf:3    | Noticed a deep elf blademaster
 34388 | Elf:3    | Killed a deep elf blademaster
 34446 | Elf:3    | Noticed an Ice Fiend
 34462 | Elf:3    | Noticed a deep elf master archer
 34736 | Elf:3    | Noticed a deep elf master archer
 34753 | Elf:3    | Killed a deep elf master archer
 34825 | Elf:3    | Killed a deep elf master archer
 34825 | Elf:3    | Received a gift from Okawaru
 34825 | Elf:3    | Reached XP level 19. HP: 148/191 MP: 28/28
 35012 | Elf:3    | Identified the ring of Surprise {*Contam rPois Str+4 Dex+3
                  | SInv}
 35321 | Elf:3    | Got a faintly humming ring mail
 35340 | Elf:3    | Identified the +2 ring mail of Sutwepew {rPois Regen+ Str-4
                  | Dex+6} (You found it on level 3 of the Elven Halls)
 35372 | Elf:3    | Got a smoking brass amulet
 35376 | Elf:3    | Got a smoking chain mail
 35394 | Elf:3    | Got a faintly glowing jade ring
 35410 | Elf:3    | Identified the +2 chain mail "Pylos" {Regen+} (You found it
                  | on level 3 of the Elven Halls)
 35423 | Elf:3    | Got a translucent cloak
 35434 | Elf:3    | Identified the +0 cloak of Hicuc {rElec rC+} (You found it
                  | on level 3 of the Elven Halls)
 35455 | Elf:3    | Identified the ring "Jacamm" {rC+ Str+3 Int-4 Dex+3 Stlth+}
                  | (You found it on level 3 of the Elven Halls)
 35507 | Elf:3    | Identified the amulet of Propriety {Gourm +Fly} (You found
                  | it on level 3 of the Elven Halls)
 36168 | Spider:1 | Paralysed by a +1 scythe of chaos for 3 turns
 36189 | Spider:1 | Killed Bodigarde's ghost
 36563 | Spider:2 | Reached skill level 1 in Spellcasting
 36577 | Spider:2 | Gained mutation: You have large cloven feet. [evolution]
 37653 | Spider:2 | Noticed Nikola
 37659 | Spider:2 | Killed Nikola
 38290 | Spider:4 | Entered Level 4 of the Spider Nest
 38330 | Spider:4 | Received a gift from Okawaru
 38337 | Spider:4 | Reached skill level 10 in Evocations
 38491 | Spider:4 | Received a gift from Okawaru
 38536 | Spider:4 | Reached skill level 17 in Fighting
 38652 | Spider:4 | Noticed Kirke
 38874 | Spider:4 | Got a gossamer rune of Zot
 38905 | Spider:4 | Killed Kirke
 38955 | Spider:4 | Reached XP level 20. HP: 158/202 MP: 0/30
 40243 | Swamp:1  | Received a gift from Okawaru
 40552 | Swamp:2  | Found an opulent altar of Gozag.
 40592 | Swamp:2  | Received a gift from Okawaru
 40940 | Swamp:3  | Received a gift from Okawaru
 40941 | Swamp:3  | Found the +9 scales of the Dragon King {rPois rF+ rC+ MR+}
 41849 | Swamp:4  | Entered Level 4 of the Swamp
 41879 | Swamp:4  | Reached skill level 1 in Stealth
 41887 | Swamp:4  | Reached skill level 1 in Dodging
 42472 | Swamp:4  | Reached skill level 15 in Invocations
 42524 | Swamp:4  | Noticed the 27-headed Lernaean hydra
 42533 | Swamp:4  | Killed the 21-headed Lernaean hydra
 42537 | Swamp:4  | Got a decaying rune of Zot
 42936 | Vaults:1 | Entered Level 1 of the Vaults
 43007 | Vaults:1 | Received a gift from Okawaru
 43055 | Vaults:1 | Reached XP level 21. HP: 210/212 MP: 32/32
 43150 | Vaults:1 | Reached skill level 18 in Fighting
 43929 | Vaults:1 | Received a gift from Okawaru
 44337 | Vaults:2 | You fall through a shaft for 2 floors!
 44461 | Vaults:3 | Received a gift from Okawaru
 44902 | Vaults:2 | Reached skill level 5 in Stealth
 45161 | Vaults:2 | Reached skill level 5 in Dodging
 45453 | Vaults:2 | Received a gift from Okawaru
 45466 | Vaults:2 | Reached XP level 22. HP: 119/224 MP: 25/33
 46369 | Vaults:2 | Reached skill level 19 in Fighting
 46706 | Vaults:3 | Found a staircase to the Crypt.
 46706 | Vaults:3 | Found an ancient bone altar of Kikubaaqudgha.
 46707 | Vaults:3 | Found a basalt altar of Yredelemnul.
 46720 | Crypt:1  | Entered Level 1 of the Crypt
 46749 | Crypt:1  | Found a magical portal.
 46782 | WizLab   | Entered The Hall of the Hellbinder
 46889 | WizLab   | Received a gift from Okawaru
 47046 | WizLab   | Identified the Guide on the Entourage
 47144 | WizLab   | Gained mutation: You do not regenerate when monsters are
                  | visible. [a neqoxec]
 47421 | WizLab   | Identified the ring "Ybbin" {rCorr Dex+3}
 47421 | WizLab   | Noticed Cyikosch
 47423 | WizLab   | Found a burning altar of Makhleb.
 47438 | WizLab   | Killed Cyikosch the Hellbinder
 47632 | WizLab   | Identified Bianoplu's Incunabulum of Slavery
 47654 | WizLab   | Identified the Reference Book on Summoning
 47657 | WizLab   | Got a wavering turquoise ring
 47659 | WizLab   | Identified the ring of Uzas {rCorr rPois rF- rC+++ Dex+2}
                  | (You found it in a wizard's laboratory)
 47829 | Crypt:1  | Received a gift from Okawaru
 48567 | Vaults:3 | Lost mutation: You evolve. [evolution]
 48977 | Vaults:4 | Reached XP level 23. HP: 226/234 MP: 34/34
 49639 | Vaults:5 | Entered Level 5 of the Vaults
 49833 | Vaults:4 | Found Maplius's Antique Weapon Boutique.
 50017 | Vaults:5 | Received a gift from Okawaru
 50059 | Vaults:5 | Noticed an ancient lich
 50065 | Vaults:5 | Reached skill level 20 in Fighting
 50073 | Vaults:5 | Killed an ancient lich
 50486 | Vaults:4 | Received a gift from Okawaru
 50595 | Vaults:5 | Noticed a golden dragon
 50609 | Vaults:5 | Received a gift from Okawaru
 50611 | Vaults:5 | Reached XP level 24. HP: 116/247 MP: 32/34
 50617 | Vaults:5 | Received a gift from Okawaru
 50625 | Vaults:5 | Reached skill level 10 in Stealth
 50836 | Vaults:4 | Received a gift from Okawaru
 50869 | Vaults:5 | Received a gift from Okawaru
 50882 | Vaults:5 | Reached skill level 15 in Evocations
 51084 | Vaults:5 | Got a crude broad axe {god gift}
 51085 | Vaults:5 | Identified the +10 broad axe "Hehiamis" {freeze, rElec
                  | Str+4} (Okawaru gifted it to you on level 5 of the Vaults)
 51091 | Vaults:5 | Got a brightly glowing robe {god gift}
 51092 | Vaults:5 | Identified the +2 robe "Ruroff" {+Blink rPois rC++ SInv}
                  | (Okawaru gifted it to you on level 5 of the Vaults)
 51347 | Vaults:5 | Found Seeh's Magic Scroll Boutique.
 51359 | Vaults:5 | Found Sebremye's Gadget Shoppe.
 51371 | Vaults:5 | Found Coney's Jewellery Boutique.
 51467 | Vaults:5 | Got a silver rune of Zot
 51510 | Vaults:5 | Found Lediaw's Magic Scroll Shoppe.
 51528 | Vaults:5 | Found Hanuph's Distillery.
 51541 | Vaults:5 | Bought 2 potions of agility for 176 gold pieces
 51541 | Vaults:5 | Bought a potion of heal wounds for 110 gold pieces
 51541 | Vaults:5 | Bought a potion of heal wounds for 110 gold pieces
 51541 | Vaults:5 | Bought a potion of haste for 220 gold pieces
 51541 | Vaults:5 | Bought a potion of heal wounds for 110 gold pieces
 51565 | Vaults:5 | Found Bakar's Magic Scroll Emporium.
 51571 | Vaults:5 | Bought a scroll of silence for 127 gold pieces
 51571 | Vaults:5 | Bought 2 scrolls of fear for 119 gold pieces
 51571 | Vaults:5 | Bought a scroll of brand weapon for 340 gold pieces
 51932 | Vaults:5 | Found Xovilog's Antique Armour Shoppe.
 52074 | Vaults:5 | Reached skill level 21 in Fighting
 52569 | Crypt:1  | Noticed Bai Suzhen
 52589 | Crypt:1  | Killed Bai Suzhen
 52664 | Crypt:1  | Reached skill level 10 in Dodging
 52749 | Crypt:1  | Received a gift from Okawaru
 53120 | Crypt:2  | Received a gift from Okawaru
 53120 | Crypt:2  | Reached XP level 25. HP: 130/258 MP: 34/34
 53344 | Crypt:3  | Entered Level 3 of the Crypt
 53953 | Crypt:2  | Received a gift from Okawaru
 55111 | Crypt:3  | Received a gift from Okawaru
 55397 | Crypt:3  | Noticed an ancient lich
 55968 | Depths:1 | Noticed Mara
 55970 | Depths:1 | You fall through a shaft!
 55978 | Depths:2 | Received a gift from Okawaru
 56047 | Depths:2 | Found a deep blue altar of Sif Muna.
 56320 | Depths:1 | Noticed jepsan's illusion
 56333 | Depths:1 | Killed Mara
 56618 | Depths:1 | Found a gateway to a ziggurat.
 56622 | Depths:1 | Found a gateway to Hell.
 57434 | Depths:2 | Found a radiant altar of Vehumet.
 57498 | Depths:2 | Received a gift from Okawaru
 57500 | Depths:2 | Identified the +1 robe "Ceot" {*Drain rPois rF++ Stlth+}
 57515 | Depths:2 | Identified the cursed ring of Zaried {MR+ Str+2 Dex-2}
 57534 | Depths:2 | Reached XP level 26. HP: 140/270 MP: 34/35
 57556 | Depths:2 | Reached skill level 22 in Fighting
 57787 | Depths:2 | Found a shadowy altar of Dithmenos.
 57788 | Depths:2 | Found a one-way gate to the infinite horrors of the Abyss.
 57887 | Depths:2 | Got a diamond-encrusted scale mail {god gift}
 57888 | Depths:2 | Identified the +1 scale mail "Uquneidd" {rPois MR- Stlth+}
                  | (Okawaru gifted it to you on level 2 of the Depths)
 58492 | Depths:2 | Found an iron altar of Okawaru.
 59496 | Depths:3 | Found a one-way gate leading to the halls of Pandemonium.
 59651 | Depths:3 | Noticed a juggernaut
 59658 | Depths:3 | Killed a juggernaut
 59665 | Depths:3 | Received a gift from Okawaru
 60641 | Depths:4 | Found a runed translucent door.
 60648 | Depths:4 | Found a runed translucent door.
 60652 | Depths:4 | Noticed a juggernaut
 60672 | Depths:4 | Killed a juggernaut
 61007 | Depths:5 | Entered Level 5 of the Depths
 61435 | Depths:5 | Reached XP level 27. HP: 277/281 MP: 35/35
 61448 | Depths:5 | Received a gift from Okawaru
 62034 | Depths:5 | Found a gate to the Realm of Zot.
 62137 | Depths:5 | Received a gift from Okawaru
 62789 | Zot:1    | Entered Level 1 of the Realm of Zot
 62932 | Zot:1    | Reached skill level 23 in Fighting
 64056 | Zot:1    | Received a gift from Okawaru
 65058 | Zot:2    | Found a huge runed gate.
 65058 | Zot:2    | Found a huge runed gate.
 65060 | Zot:2    | Found a huge runed gate.
 65062 | Zot:2    | Found a huge runed gate.
 65066 | Zot:2    | Found a huge runed gate.
 65066 | Zot:2    | Found a huge runed gate.
 65066 | Zot:2    | Found a huge runed gate.
 65066 | Zot:2    | Found a huge runed gate.
 65066 | Zot:2    | Found a huge runed gate.
 65066 | Zot:2    | Found a huge runed gate.
 65066 | Zot:2    | Found a huge runed gate.
 65067 | Zot:2    | Found a huge runed gate.
 65068 | Zot:2    | Found a huge runed gate.
 65076 | Zot:2    | Found a huge runed gate.
 65076 | Zot:2    | Found a huge runed gate.
 65076 | Zot:2    | Found a huge runed gate.
 65076 | Zot:2    | Found a huge runed gate.
 65076 | Zot:2    | Found a huge runed gate.
 65076 | Zot:2    | Found a huge runed gate.
 65093 | Zot:2    | Found a huge runed gate.
 65093 | Zot:2    | Found a huge runed gate.
 65093 | Zot:2    | Found a huge runed gate.
 65094 | Zot:2    | Found a huge runed gate.
 65097 | Zot:2    | Found a huge runed gate.
 65097 | Zot:2    | Found a huge runed gate.
 65097 | Zot:2    | Found a huge runed gate.
 65805 | Zot:3    | Received a gift from Okawaru
 65808 | Zot:3    | Got a heavy robe {god gift}
 65812 | Zot:3    | Identified the +1 robe of Jilatine {-Cast rC+ Str+2}
                  | (Okawaru gifted it to you on level 3 of the Realm of Zot)
 67327 | Zot:4    | Received a gift from Okawaru
 67519 | Zot:4    | HP: 13/286 [??? (11)]
 67519 | Zot:4    | HP: 1/286 [acid (6)]
 67525 | Zot:4    | HP: 11/286 [??? (9)]
 68478 | Zot:5    | Entered Level 5 of the Realm of Zot
 68491 | Zot:5    | Reached skill level 24 in Fighting
 68763 | Zot:5    | Reached skill level 15 in Stealth
 68780 | Zot:4    | Received a gift from Okawaru
 68909 | Zot:5    | Noticed an ancient lich
 68915 | Zot:5    | Noticed an ancient lich
 68918 | Zot:5    | Noticed an ancient lich
 68925 | Zot:5    | Killed an ancient lich
 68931 | Zot:5    | Killed an ancient lich
 68939 | Zot:5    | Killed an ancient lich
 68942 | Zot:5    | Received a gift from Okawaru
 68942 | Zot:5    | Noticed an orb of fire
 68944 | Zot:5    | Gained mutation: You are dopey. (Int -2) [an orb of fire]
 68944 | Zot:5    | Noticed an ancient lich
 68960 | Zot:5    | Killed from afar by an orb of fire

Skill      XL: |  1  2  3  4  5  6  7  8  9 10 11 12 13 14 15 16 17 18 19 20 21 22 23 24 25 26 27 |
---------------+----------------------------------------------------------------------------------+-----
Axes           | 3 4 5 7 8 10 11 12 13 14 15 16 17 18 | 18.0
Fighting       | 4 5 6 7 8 9 10 11 12 13 14 15 16 17 18 19 20 21 22 24 | 24.3
Slings         | 1 2 3 4 5 6 7 8 9 10 11 12 13 14 | 14.0
Shields        | 4 5 6 7 8 9 10 11 12 13 14 15 | 15.0
Armour         | 4 5 6 7 8 9 10 11 12 13 14 15 16 17 18 19 20 21 22 | 22.7
Invocations    | 3 6 8 10 11 13 14 15 18 | 18.8
Evocations     | 3 4 6 8 9 10 11 12 13 14 15 16 17 19 | 19.0
Spellcasting   | 3 4 |  4.0
Stealth        | 3 5 8 9 11 12 13 15 | 15.3
Dodging        | 2 5 7 8 10 11 12 14 | 14.2

Action                   |  1- 3 |  4- 6 |  7- 9 | 10-12 | 13-15 | 16-18 | 19-21 | 22-24 | 25-27 || total
-------------------------+-------+-------+-------+-------+-------+-------+-------+-------+-------++-------
Melee: War axe           |    68 |   248 |   224 |    10 |     2 |   182 |    14 |       |       ||   748
       Broad axe         |       |       |    43 |   440 |   697 |   584 |  1047 |   816 |  1506 ||  5133
       Hand axe          |       |       |       |    10 |       |       |       |       |       ||    10
       Headbutt          |       |       |       |       |       |   192 |   351 |   307 |   576 ||  1426
 Fire: Hunting sling     |    48 |    51 |    46 |       |    63 |    45 |    20 |       |       ||   273
       Fustibalus        |       |       |       |       |    60 |    31 |       |    28 |   158 ||   277
Throw: Javelin           |       |       |       |       |     5 |       |       |       |       ||     5
Invok: Heroism           |       |       |       |     1 |     3 |     8 |     6 |    10 |    12 ||    40
       Finesse           |       |       |       |       |     5 |     6 |     6 |    11 |    13 ||    41
Evoke: Wand              |       |       |     1 |       |       |       |       |       |     5 ||     6
       Fan of gales      |       |       |       |       |       |       |     1 |     4 |     2 ||     7
       Phial of floods   |       |       |       |       |       |       |       |     3 |       ||     3
       Sack of spiders   |       |       |       |       |       |       |       |     1 |       ||     1
  Use: Scroll            |     1 |     7 |    13 |    14 |    12 |     8 |    14 |    10 |    15 ||    94
       Potion            |       |     1 |       |     3 |     5 |     5 |       |     5 |     4 ||    23
 Stab: Sleeping          |       |       |       |       |     1 |     2 |       |       |       ||     3
       Distracted        |       |       |       |       |       |     2 |       |     3 |       ||     5
       Invisible         |       |       |       |       |       |       |       |     1 |       ||     1
       Confused          |       |       |       |       |       |       |       |       |     1 ||     1
  Eat: Chunk             |     1 |     2 |     4 |     2 |    19 |    13 |    10 |     9 |    11 ||    71
       Ration            |       |     2 |     2 |     6 |     6 |     5 |     6 |     5 |    10 ||    42
Armor: Scale mail        |    46 |    58 |       |       |       |       |       |       |       ||   104
       Chain mail        |       |    76 |   138 |   123 |   148 |       |       |       |       ||   485
       Ring mail         |       |       |       |    66 |   151 |   159 |   132 |       |       ||   508
       Gold dragon scale |       |       |       |       |       |       |   276 |   330 |   676 ||  1282
       Plate armour      |       |       |       |       |       |       |    58 |       |       ||    58
Dodge: Dodged            |    23 |    77 |    82 |   126 |   181 |   112 |   251 |   226 |   500 ||  1578
Block: Shield            |    66 |   137 |   168 |   452 |   641 |   452 |   857 |   671 |  1125 ||  4569
